TOP OF THE 1ST |
Hillsboro Hops batting - Pitching for Rome Braves : RHP Manny Rolfe
|
Pitching: RHP Manny Rolfe
|
|
Batting: RHB Brandon Joshua
|
0-0: Ball 1-0: Ball 2-0: Swinging Strike 2-1: Swinging Strike 2-2: Ball 3-2: Base on Balls
|
Batting: RHB Larry Hardman
|
0-0: Called Strike 0-1: Swinging Strike 0-2: Ball 1-2: DOUBLE (Groundball, 5L, EV 106.9 MPH) Brandon Joshua to third
|
Batting: RHB Chad Mendoza
|
0-0: Ball 1-0: Called Strike 1-1: Ball 2-1: Ball 3-1: Reached on error, E6 (Groundball, 6, EV 81.9 MPH) Brandon Joshua scores Larry Hardman to third
|
Batting: LHB Dillon Rizzuto
|
0-0: Foul Ball, location: 2F 0-1: Called Strike 0-2: Ball 1-2: Strikes out swinging
|
Batting: RHB Jeremy Coffey
|
Pickoff Throw to First - Out! 1-3 0-0: Called Strike 0-1: Ball 1-1: Ball 2-1: Foul Ball, location: 2F 2-2: Foul Ball, location: 2F 2-2: Fly out, F7 (Flyball, 7D, EV 98.1 MPH)
|
Top of the 1st over - 1 run, 1 hit, 1 error, 1 left on base; Hillsboro 1 - Rome 0 |
BOTTOM OF THE 1ST |
Rome Braves batting - Pitching for Hillsboro Hops : LHP Afanasy Apatenko
|
Pitching: LHP Afanasy Apatenko
|
|
Batting: LHB Robby Dann
|
0-0: SINGLE (Groundball, 13S, EV 73.1 MPH) (infield hit)
|
Batting: RHB Joe Young
|
0-0: Called Strike 0-1: Called Strike 0-2: Foul Ball, location: 2F 0-2: Ball Robby Dann is caught stealing 2nd base 2-4 1-2: Foul Ball, location: 2F 1-2: Ball 2-2: Ground out 5-3 (Groundball, 5S, EV 75.0 MPH)
|
Batting: LHB Mike Tenorio
|
0-0: Called Strike 0-1: Foul Ball, location: 2F 0-2: Reached on error, E5 (Groundball, 6, EV 77.5 MPH)
|
Batting: RHB Jose Ramos
|
0-0: Swinging Strike 0-1: Fly out, F8 (Flyball, 89S, EV 80.6 MPH)
|
Bottom of the 1st over - 0 runs, 1 hit, 1 error, 1 left on base; Hillsboro 1 - Rome 0 |
TOP OF THE 2ND |
Hillsboro Hops batting - Pitching for Rome Braves : RHP Manny Rolfe
|
Batting: LHB Soo-yeon Kym
|
0-0: Ball 1-0: Foul Ball, location: 2F 1-1: Foul Ball, location: 2F 1-2: Strikes out swinging
|
Batting: RHB Yasuo Nakata
|
0-0: Called Strike 0-1: Ball 1-1: Foul Ball, location: 2F 1-2: Foul Ball, location: 2F 1-2: Ball 2-2: Ball 3-2: Base on Balls
|
Batting: RHB Jeremy Adams
|
0-0: Ball Yasuo Nakata steals 2nd base 1-0: Ball 2-0: Called Strike 2-1: Called Strike 2-2: Ground out 6-3 (Groundball, 6, EV 83.1 MPH) Yasuo Nakata to third
|
Batting: RHB Trevor Corey
|
0-0: Called Strike 0-1: DOUBLE (Groundball, 5L, EV 105.0 MPH) Yasuo Nakata scores
|
Batting: RHB Brandon Joshua
|
0-0: Swinging Strike 0-1: Called Strike 0-2: Ball 1-2: Foul Ball, location: 2F 1-2: Ball 2-2: Strikes out looking
|
Top of the 2nd over - 1 run, 1 hit, 0 errors, 1 left on base; Hillsboro 2 - Rome 0 |
BOTTOM OF THE 2ND |
Rome Braves batting - Pitching for Hillsboro Hops : LHP Afanasy Apatenko
|
Batting: RHB Tim Molchan
|
0-0: Ground out 5-3 (Groundball, 5L, EV 86.2 MPH)
|
Batting: SHB Jordan Barragan
|
0-0: Ball 1-0: Ball 2-0: Ball 3-0: Called Strike 3-1: Base on Balls
|
Batting: RHB Andy Cunningham
|
0-0: Ball Jordan Barragan steals 2nd base (no throw) 1-0: Called Strike 1-1: Ball 2-1: Called Strike 2-2: Ball 3-2: Strikes out swinging
|
Batting: LHB Joe Phillips
|
0-0: Foul Ball, location: 2F 0-1: Ball 1-1: Fly out, F7 (Flyball, 7LM, EV 93.1 MPH)
|
Bottom of the 2nd over - 0 runs, 0 hits, 0 errors, 1 left on base; Hillsboro 2 - Rome 0 |
TOP OF THE 3RD |
Hillsboro Hops batting - Pitching for Rome Braves : RHP Manny Rolfe
|
Batting: RHB Larry Hardman
|
0-0: Ball 1-0: Called Strike 1-1: Ball 2-1: Called Strike 2-2: Foul Ball, location: 2F 2-2: Ball 3-2: Ground out 1-3 (Groundball, 15S, EV 66.2 MPH)
|
Batting: RHB Chad Mendoza
|
0-0: Called Strike 0-1: Ball 1-1: Ground out 4-3 (Groundball, 34D, EV 103.1 MPH)
|
Batting: LHB Dillon Rizzuto
|
0-0: Called Strike 0-1: Ball 1-1: Ground out 4-3 (Groundball, 4, EV 88.1 MPH)
|
Top of the 3rd over - 0 runs, 0 hits, 0 errors, 0 left on base; Hillsboro 2 - Rome 0 |
BOTTOM OF THE 3RD |
Rome Braves batting - Pitching for Hillsboro Hops : LHP Afanasy Apatenko
|
Batting: SHB Ian Arlotta
|
0-0: Ball 1-0: Fly out, F7 (Flyball, 78M, EV 81.2 MPH)
|
Batting: LHB Robby Dann
|
0-0: Foul Ball, location: 2F 0-1: Ground out 1-3 (Groundball, 13, EV 66.9 MPH)
|
Batting: RHB Joe Young
|
0-0: Reached on error, E8 (Flyball, 8RD, EV 104.4 MPH)
|
Batting: LHB Mike Tenorio
|
0-0: Called Strike 0-1: Ball 1-1: Ball 2-1: Called Strike 2-2: Ball 3-2: Base on Balls
|
Batting: RHB Jose Ramos
|
0-0: Fielders Choice at 2nd, 5-4 (Groundball, 56, EV 85.0 MPH)
|
Bottom of the 3rd over - 0 runs, 0 hits, 1 error, 2 left on base; Hillsboro 2 - Rome 0 |
TOP OF THE 4TH |
Hillsboro Hops batting - Pitching for Rome Braves : RHP Manny Rolfe
|
Batting: RHB Jeremy Coffey
|
0-0: Ball 1-0: Foul Ball, location: 2F 1-1: Foul Ball, location: 2F 1-2: Ball 2-2: Foul Ball, location: 2F 2-2: Ball 3-2: Ground out 6-3 (Groundball, P, EV 85.0 MPH)
|
Batting: LHB Soo-yeon Kym
|
0-0: Called Strike 0-1: Ground out 6-3 (Groundball, 6D, EV 85.6 MPH)
|
Batting: RHB Yasuo Nakata
|
0-0: Ball 1-0: DOUBLE (Groundball, 3L, EV 101.2 MPH)
|
Batting: RHB Jeremy Adams
|
0-0: Ball 1-0: Fly out, F8 (Flyball, 89XD, EV 103.8 MPH)
|
Top of the 4th over - 0 runs, 1 hit, 0 errors, 1 left on base; Hillsboro 2 - Rome 0 |
BOTTOM OF THE 4TH |
Rome Braves batting - Pitching for Hillsboro Hops : LHP Afanasy Apatenko
|
Batting: RHB Tim Molchan
|
0-0: Ball 1-0: Called Strike 1-1: Foul Ball, location: 2F 1-2: SINGLE (Groundball, 25, EV 62.5 MPH) (infield hit)
|
Batting: SHB Jordan Barragan
|
0-0: Called Strike 0-1: Ball 1-1: Called Strike 1-2: Foul Ball, location: 2F 1-2: Ball 2-2: Strikes out swinging
|
Batting: RHB Andy Cunningham
|
0-0: Ball 1-0: Called Strike 1-1: Ball 2-1: Ball 3-1: Base on Balls Tim Molchan to second
|
Batting: LHB Joe Phillips
|
0-0: Called Strike 0-1: Foul Ball, location: 2F 0-2: Ball 1-2: Foul Ball, location: 2F 1-2: Single, Error in OF, E8, batter to second base (Groundball, 6D, EV 107.5 MPH) Tim Molchan scores Andy Cunningham to third
|
Batting: SHB Ian Arlotta
|
0-0: Ball 1-0: Swinging Strike 1-1: Foul Ball, location: 2F 1-2: Ball 2-2: Ground out 6-3 (Groundball, 56S, EV 70.6 MPH)
|
Batting: LHB Robby Dann
|
0-0: Ball 1-0: Foul Ball, location: 2F 1-1: Ball 2-1: SINGLE (Line Drive, 7S, EV 108.1 MPH) Andy Cunningham scores Joe Phillips to third Runner from 3rd tries for Home, SAFE, throw by LF to home
|
Batting: RHB Joe Young
|
0-0: Ball Robby Dann is caught stealing 2nd base 2-4
|
Bottom of the 4th over - 3 runs, 3 hits, 1 error, 0 left on base; Hillsboro 2 - Rome 3 |
TOP OF THE 5TH |
Hillsboro Hops batting - Pitching for Rome Braves : RHP Manny Rolfe
|
Batting: RHB Trevor Corey
|
0-0: Ball 1-0: Ball 2-0: Called Strike 2-1: Ball 3-1: Ground out 4-3 (Groundball, 4M, EV 84.4 MPH)
|
Batting: RHB Brandon Joshua
|
0-0: SINGLE (Groundball, 25, EV 70.0 MPH) (infield hit)
|
Batting: RHB Larry Hardman
|
0-0: Ball 1-0: SINGLE (Groundball, 25, EV 65.0 MPH) (infield hit) Brandon Joshua to second
|
Batting: RHB Chad Mendoza
|
0-0: Called Strike 0-1: Foul Ball, location: 2F 0-2: Grounds into double play, 1-4-3 (Groundball, P, EV 70.0 MPH)
|
Top of the 5th over - 0 runs, 2 hits, 0 errors, 1 left on base; Hillsboro 2 - Rome 3 |
BOTTOM OF THE 5TH |
Rome Braves batting - Pitching for Hillsboro Hops : LHP Afanasy Apatenko
|
Batting: RHB Joe Young
|
0-0: Ball 1-0: Ball 2-0: Foul Ball, location: 2F 2-1: Swinging Strike 2-2: Ball 3-2: Foul Ball, location: 2F 3-2: Base on Balls
|
Batting: LHB Mike Tenorio
|
0-0: Called Strike 0-1: Ball 1-1: Ball Joe Young is caught stealing 2nd base 2-6 2-1: Fly out, F8 (Flyball, 89XD, EV 91.9 MPH)
|
Batting: RHB Jose Ramos
|
0-0: Swinging Strike 0-1: Ball 1-1: Ball 2-1: Ball SINGLE, rundown, safe at 1st
|
Batting: RHB Tim Molchan
|
0-0: Ball 1-0: Ball 2-0: Swinging Strike 2-1: Ball 3-1: Called Strike 3-2: Strikes out swinging
|
Bottom of the 5th over - 0 runs, 1 hit, 0 errors, 1 left on base; Hillsboro 2 - Rome 3 |
TOP OF THE 6TH |
Hillsboro Hops batting - Pitching for Rome Braves : RHP Manny Rolfe
|
Batting: LHB Dillon Rizzuto
|
0-0: SOLO HOME RUN (Flyball, 9LD, EV 95.6 MPH), Distance : 382 ft
|
Batting: RHB Jeremy Coffey
|
0-0: Foul Ball, location: 2F 0-1: Swinging Strike 0-2: Ball 1-2: Ball 2-2: Strikes out looking
|
Batting: LHB Soo-yeon Kym
|
0-0: Called Strike 0-1: Foul Ball, location: 2F 0-2: Ball 1-2: Strikes out swinging
|
Batting: RHB Yasuo Nakata
|
0-0: Called Strike 0-1: Ball 1-1: Ball 2-1: Ball 3-1: Called Strike 3-2: Base on Balls
|
Pitching: RHP Gordon Cushing
|
|
Batting: RHB Jeremy Adams
|
0-0: Ball Yasuo Nakata is caught stealing 2nd base 2-4
|
Top of the 6th over - 1 run, 1 hit, 0 errors, 0 left on base; Hillsboro 3 - Rome 3 |
BOTTOM OF THE 6TH |
Rome Braves batting - Pitching for Hillsboro Hops : LHP Afanasy Apatenko
|
Batting: SHB Jordan Barragan
|
0-0: Ball 1-0: Swinging Strike 1-1: Swinging Strike 1-2: Strikes out swinging
|
Batting: RHB Andy Cunningham
|
0-0: Ball 1-0: Foul Ball, location: 2F 1-1: Ground out 5-3 (Groundball, 56, EV 103.8 MPH)
|
Batting: LHB Joe Phillips
|
0-0: Called Strike 0-1: SOLO HOME RUN (Flyball, 9D, EV 96.9 MPH), Distance : 360 ft
|
Batting: SHB Ian Arlotta
|
0-0: Ball 1-0: Foul Ball, location: 2F 1-1: Foul Ball, location: 2F 1-2: DOUBLE (Line Drive, 78M, EV 111.9 MPH)
|
Pitching: RHP Rick Foster
|
|
Batting: LHB Robby Dann
|
0-0: Ball Ian Arlotta steals 3rd base 1-0: Ball 2-0: DOUBLE (Line Drive, 7LM, EV 110.0 MPH) Ian Arlotta scores
|
Batting: RHB Joe Young
|
0-0: Ball 1-0: Swinging Strike 1-1: SINGLE (Groundball, 56D, EV 108.8 MPH) Robby Dann to third Runner from 3rd tries for Home, SAFE, throw by LF to home
|
Batting: LHB Mike Tenorio
|
0-0: Called Strike Joe Young steals 2nd, throwing error, E2 Joe Young to third 0-1: Called Strike 0-2: Ball 1-2: Foul Ball, location: 2F 1-2: Foul Ball, location: 2F 1-2: Ball Wild Pitch! Joe Young scores 2-2: Foul Ball, location: 2F 2-2: Strikes out swinging
|
Bottom of the 6th over - 4 runs, 4 hits, 1 error, 0 left on base; Hillsboro 3 - Rome 7 |
TOP OF THE 7TH |
Hillsboro Hops batting - Pitching for Rome Braves : RHP Gordon Cushing
|
Batting: RHB Jeremy Adams
|
0-0: Called Strike 0-1: DOUBLE (Flyball, 78D, EV 91.9 MPH)
|
Batting: RHB Trevor Corey
|
0-0: Ball 1-0: Called Strike 1-1: Foul Ball, location: 2F 1-2: Ball 2-2: Ground out 6-3 (Groundball, 6, EV 91.9 MPH)
|
Batting: RHB Brandon Joshua
|
0-0: Ball 1-0: Fly out, F9 (Flyball, 9D, EV 94.4 MPH) Runner from 2nd tags up, SAFE at 3rd with throw by RF
|
Batting: RHB Larry Hardman
|
0-0: Called Strike 0-1: Swinging Strike 0-2: Ball 1-2: Strikes out swinging
|
Top of the 7th over - 0 runs, 1 hit, 0 errors, 1 left on base; Hillsboro 3 - Rome 7 |
BOTTOM OF THE 7TH |
Rome Braves batting - Pitching for Hillsboro Hops : RHP Rick Foster
|
Pitching: RHP John Petersen
|
|
Batting: RHB Jose Ramos
|
0-0: Ball 1-0: DOUBLE (Flyball, 8LXD, EV 101.9 MPH)
|
Batting: RHB Tim Molchan
|
0-0: Ball 1-0: Called Strike 1-1: Swinging Strike 1-2: Ground out 6-3 (Groundball, 6, EV 86.2 MPH)
|
Batting: SHB Jordan Barragan
|
0-0: Intentional Walk
|
Batting: RHB Andy Cunningham
|
0-0: Called Strike 0-1: Ball 1-1: Called Strike 1-2: SINGLE (Groundball, 25, EV 67.5 MPH) (infield hit) Jose Ramos to third Jordan Barragan to second
|
Batting: LHB Joe Phillips
|
0-0: Ball 1-0: Foul Ball, location: 2F 1-1: Swinging Strike 1-2: Strikes out swinging
|
Batting: SHB Ian Arlotta
|
0-0: Ball 1-0: Called Strike 1-1: SINGLE (Groundball, 34D, EV 107.5 MPH) (infield hit) Jose Ramos scores Jordan Barragan to third Andy Cunningham to second
|
Batting: LHB Robby Dann
|
0-0: SINGLE (Groundball, 34D, EV 106.9 MPH) (infield hit) Jordan Barragan scores Andy Cunningham to third Ian Arlotta to second
|
Pitching: LHP Heath Henderson
|
|
Batting: RHB Joe Young
|
0-0: Ball 1-0: Ball 2-0: DOUBLE (Line Drive, 89D, EV 105.6 MPH) Andy Cunningham scores Ian Arlotta scores Robby Dann to third Runner from 3rd tries for Home, SAFE, throw by RF to trailing runner, OUT at third! 9-3-5
|
Bottom of the 7th over - 5 runs, 5 hits, 0 errors, 0 left on base; Hillsboro 3 - Rome 12 |
TOP OF THE 8TH |
Hillsboro Hops batting - Pitching for Rome Braves : RHP Gordon Cushing
|
Batting: RHB Chad Mendoza
|
0-0: Ball 1-0: DOUBLE (Line Drive, 78D, EV 108.1 MPH)
|
Batting: LHB Dillon Rizzuto
|
0-0: Called Strike 0-1: Ball 1-1: Ball 2-1: Ball 3-1: Called Strike 3-2: Base on Balls
|
Batting: RHB Jeremy Coffey
|
0-0: Called Strike 0-1: DOUBLE (Line Drive, 89XD, EV 96.9 MPH) Chad Mendoza scores Dillon Rizzuto to third Runner from 3rd tries for Home, SAFE, throw by CF to trailing runner, SAFE at third!
|
Batting: LHB Soo-yeon Kym
|
0-0: Ground out 5-3 (Groundball, 5, EV 90.0 MPH)
|
Batting: LHB Andy Wilmoth
|
0-0: Called Strike 0-1: Foul Ball, location: 2F 0-2: Strikes out swinging
|
Batting: RHB Jeremy Adams
|
0-0: Called Strike 0-1: Ground out U3 (Groundball, 13, EV 85.6 MPH)
|
Top of the 8th over - 2 runs, 2 hits, 0 errors, 1 left on base; Hillsboro 5 - Rome 12 |
BOTTOM OF THE 8TH |
Rome Braves batting - Pitching for Hillsboro Hops : LHP Heath Henderson
|
Batting: LHB Mike Tenorio
|
0-0: Ball 1-0: Called Strike 1-1: Ball 2-1: Ball 3-1: Foul Ball, location: 2F 3-2: Foul Ball, location: 2F 3-2: Base on Balls
|
Batting: RHB Jose Ramos
|
0-0: Called Strike 0-1: Ball 1-1: Foul Ball, location: 2F 1-2: TRIPLE (Flyball, 89XD, EV 103.8 MPH) Mike Tenorio scores
|
Batting: RHB Tim Molchan
|
0-0: Foul Ball, location: 2F 0-1: SINGLE (Groundball, 5S, EV 71.9 MPH) (infield hit) Jose Ramos scores
|
Batting: SHB Jordan Barragan
|
0-0: Called Strike 0-1: Fly out, F4 (Flyball, 4MD, EV 84.4 MPH)
|
Pitching: RHP Tom Alatas
|
|
Batting: RHB Andy Cunningham
|
0-0: Ball 1-0: Ball 2-0: Ball 3-0: Called Strike 3-1: Base on Balls Tim Molchan to second
|
Batting: LHB Joe Phillips
|
0-0: Called Strike 0-1: Ball 1-1: Ball 2-1: Foul Ball, location: 2F 2-2: Foul Ball, location: 2F 2-2: Foul Ball, location: 2F 2-2: SINGLE (Flyball, 78S, EV 93.1 MPH) Tim Molchan to third Andy Cunningham to second Runner from 3rd tries for Home, SAFE, throw by LF to home
|
Batting: SHB Ian Arlotta
|
0-0: Ball 1-0: Ball 2-0: Ball 3-0: Base on Balls Andy Cunningham to third Joe Phillips to second
|
Batting: LHB Robby Dann
|
0-0: Ball 1-0: Ball 2-0: Ball 3-0: Called Strike 3-1: Base on Balls Andy Cunningham scores Joe Phillips to third Ian Arlotta to second
|
Pitching: RHP Mike Kiefer
|
|
Batting: RHB Joe Young
|
0-0: Swinging Strike 0-1: Fielders Choice at 2nd, 4-6 (Groundball, 4, EV 87.5 MPH) Joe Phillips scores Ian Arlotta to third
|
Pinch Hitting: RHB Peter Wheeler
|
0-0: Ball 1-0: Ball Wild Pitch! Ian Arlotta scores Joe Young to second 2-0: Ball 3-0: Called Strike 3-1: DOUBLE (Line Drive, 9LS, EV 99.4 MPH) Joe Young scores
|
Batting: RHB Jose Ramos
|
0-0: Foul Ball, location: 2F 0-1: Foul Ball, location: 2F 0-2: TRIPLE (Flyball, 9LD, EV 97.5 MPH) Peter Wheeler scores
|
Batting: RHB Tim Molchan
|
0-0: Ball 1-0: Foul Ball, location: 2F 1-1: Foul Ball, location: 2F 1-2: Strikes out looking
|
Bottom of the 8th over - 8 runs, 5 hits, 0 errors, 1 left on base; Hillsboro 5 - Rome 20 |
TOP OF THE 9TH |
Hillsboro Hops batting - Pitching for Rome Braves : RHP Gordon Cushing
|
Now at 1B: Peter Wheeler
|
|
Batting: RHB Trevor Corey
|
0-0: Called Strike 0-1: Ball 1-1: Ball 2-1: Ball 3-1: Base on Balls
|
Pitching: RHP Bobby Feig
|
|
Batting: RHB Brandon Joshua
|
0-0: Ball 1-0: Swinging Strike 1-1: Ball 2-1: Swinging Strike 2-2: Strikes out swinging
|
Batting: RHB Larry Hardman
|
0-0: Ball Wild Pitch! Trevor Corey to second 1-0: Ball 2-0: Ball 3-0: Called Strike 3-1: Swinging Strike 3-2: Ground out 4-3 (Groundball, 4M, EV 83.1 MPH) Trevor Corey to third
|
Batting: RHB Chad Mendoza
|
0-0: Called Strike 0-1: Ground out 5-3 (Groundball, 56S, EV 75.6 MPH)
|
Top of the 9th over - 0 runs, 0 hits, 0 errors, 1 left on base; Hillsboro 5 - Rome 20 |
|